 Dungeon Crawl Stone Soup version 0.30-a0-881-g1ff12e1e11 (webtiles) character file.

Game seed: 4270225521747572266

268382 FexLirch the Lord of Darkness (level 21, 0/185 HPs)
             Began as a Meteoran Earth Elementalist on Mar 14, 2023.
             Was the Champion of Kikubaaqudgha.
             Hit by a large rock thrown by a stone giant (40 damage)
             ... on level 5 of the Vaults.
             The game lasted 03:11:33 (11594 turns).

FexLirch the Lord of Darkness (MeEE)               Turns: 11594, Time: 03:11:34

Health: 0/185      AC: 17    Str: 10    XL:     21   Next: 90%
Magic:  26/45      EV: 23    Int: 38    God:    Kikubaaqudgha [******]
Gold:   1270       SH:  0    Dex: 18    Spells: 9/58 levels left

rFire   + . .      SeeInvis .    c - staff of death
rCold   + . .      Faith    .    (no shield)
rNeg    + . .      Spirit   .    J - +2 robe {rC+ rF+}
rPois   +          Reflect  .    X - +1 helmet
rElec   .          Rampage  .    t - +2 cloak {rPois}
rCorr   +                        o - +2 pair of gloves
Will    +....                    i - +4 pair of boots of Vytok {rCorr}
Stlth   +                        u - amulet of magic regeneration
HPRegen 0.50/turn                F - +6 ring of intelligence
MPRegen 0.69/turn                d - +6 ring of intelligence

@: confused, death channelling, weak-willed, ambrosia-drunk, glowing, studying
Hexes
A: sense surroundings 3, otherworldly, glowing, explore regen
}: 2/15 runes: barnacled, gossamer
a: Renounce Religion, Unearth Wretches, Torment, Brand Weapon With Pain, Receive
Forbidden Knowledge


You were on level 5 of the Vaults.
You worshipped Kikubaaqudgha.
Kikubaaqudgha was exalted by your worship.
You visited 7 branches of the dungeon, and saw 34 of its levels.
You also visited: Bailey and Volcano.

You collected 2857 gold pieces.
You spent 1587 gold pieces at shops.

Inventory:

Hand Weapons
 b - the +4 scimitar of Byseoxt {freeze, rElec rN+++ rCorr Stlth-}
   (You found it on level 5 of the Vaults)

   rElec:     It insulates you from electricity.
   rN:        It renders you almost immune to negative energy.
   rCorr:     It protects you from acid and corrosion.
   Stlth:     It makes you less stealthy.
 l - a +1 quick blade of flaming
 B - a +4 halberd of draining
Missiles
 n - 26 poisoned darts
 v - 2 throwing nets
Armour
 i - the +4 pair of boots of Vytok (worn) {rCorr}
   (You found it on level 10 of the Dungeon)

   rCorr:     It protects you from acid and corrosion.
 o - a +2 pair of gloves (worn)
 t - a +2 cloak of poison resistance (worn)
 z - an orb of energy
 J - a +2 robe of resistance (worn)
 X - a +1 helmet (worn)
Magical Staves
 c - a staff of death (weapon)
 U - a staff of cold
Jewellery
 d - a +6 ring of intelligence (right hand)
 u - an amulet of magic regeneration (around neck)
 y - a ring of poison resistance
 D - a ring of ice
 F - a +6 ring of intelligence (left hand)
 H - a ring of wizardry
 V - a ring of fire
Wands
 w - a wand of digging (3)
 P - a wand of paralysis (17)
 R - a wand of mindburst (20)
 S - a wand of acid (12)
 T - a wand of iceblast (19)
 Z - a wand of flame (19)
Scrolls
 f - 3 scrolls of poison
 g - 6 scrolls of enchant armour
 j - a scroll of torment {unknown}
 p - 4 scrolls of magic mapping
 r - 3 scrolls of vulnerability
 s - 5 scrolls of immolation
 I - a scroll of amnesia {unknown}
 L - 3 scrolls of brand weapon
 M - a scroll of blinking
 N - 3 scrolls of fear
 O - 7 scrolls of fog
 Q - 12 scrolls of teleportation
Potions
 a - 2 potions of cancellation {unknown}
 e - 8 potions of curing
 h - 7 potions of heal wounds
 k - 3 potions of lignification
 m - 3 potions of berserk rage
 q - 2 potions of ambrosia
 x - 7 potions of might
 A - 3 potions of mutation
 C - 4 potions of haste
 E - 4 potions of brilliance
 K - a potion of resistance
 Y - 5 potions of flight
Miscellaneous
 W - a phantom mirror


   Skills:
 + Level 15.5 Fighting
 - Level 8.0 Short Blades
 + Level 17.0 Dodging
 - Level 1.4 Stealth
 + Level 19.2 Spellcasting
 - Level 6.0 Conjurations
 + Level 10.9 Hexes
 * Level 20.2 Necromancy
 - Level 7.4 Transmutations
 - Level 10.0 Ice Magic
 - Level 8.0 Earth Magic
 + Level 8.9 Evocations


You had 9 spell levels left.
You knew the following spells:

 Your Spells              Type           Power      Damage    Failure   Level
a - Sandblast             Erth           100%       2d20      1%          1
b - Passwall              Tmut/Erth      64%        N/A       1%          2
c - Stone Arrow           Conj/Erth      100%       3d13      1%          3
d - Animate Dead          Necr           100%       N/A       0%          4
e - Vampiric Draining     Necr           100%       2d13      0%          3
f - Sublimation of Blood  Necr           100%       N/A       0%          2
g - Death Channel         Necr           68%        N/A       1%          6
h - Simulacrum            Ice/Necr       61%        N/A       1%          6
i - Dispel Undead         Necr           100%       3d31      0%          4
j - Borgnjor's Vile Clut  Necr/Erth      60%        N/A       1%          5
k - Swiftness             Air            36%        N/A       2%          3
l - Leda's Liquefaction   Hex/Erth       41%        N/A       1%          4
m - Statue Form           Tmut/Erth      51%        N/A       4%          6

Your spell library contained the following spells:

 Spells                   Type           Power      Damage    Failure   Level
 Necrotise                Necr           100%       1d9       0%          1
 Agony                    Necr           100%       N/A       0%          5
 Shock                    Conj/Air       100%       1d9       1%          1
 Cigotuvi's Dreadful Rot  Necr/Pois/Air  100%       N/A       1%          2
 Poisonous Vapours        Pois/Air       72%        N/A       1%          2
 Dazzling Flash           Conj/Hex       100%       N/A       1%          3
 Frozen Ramparts          Ice            100%       1d16      1%          3
 Inner Flame              Hex/Fire       67%        N/A       1%          3
 Mephitic Cloud           Conj/Pois/Air  51%        N/A       1%          3
 Ozocubu's Armour         Ice            85%        N/A       1%          3
 Portal Projectile        Hex/Tloc       100%       N/A       1%          3
 Cause Fear               Hex            44%        N/A       1%          4
 Ice Form                 Ice/Tmut       80%        N/A       1%          4
 Petrify                  Tmut/Erth      77%        N/A       1%          4
 Summon Ice Beast         Ice/Summ       65%        N/A       1%          4
 Lee's Rapid Deconstruct  Erth           38%        3d19*     1%          5
 Metabolic Englaciation   Hex/Ice        43%        N/A       1%          5
 Call Canine Familiar     Summ           36%        N/A       2%          3
 Iskenderun's Mystic Bla  Conj/Tloc      56%        2d12      2%          4
 Silence                  Hex/Air        33%        N/A       2%          5
 Airstrike                Air            18%        2d(3-19)  8%          4
 Starburst                Conj/Fire      28%        6d9       34%         6
 Discord                  Hex            44%        N/A       50%         8


Dungeon Overview and Level Annotations

Branches:
Dungeon (13/15) Zot: 2912  Temple (1/1) D:7 Zot: 598    Lair (5/5) D:10 Zot: 1362
 Shoals (4/4) Lair:3 Zot: 1082  Spider (4/4) Lair:2 Zot: 677     Orc (2/2) D:11 Zot: 298
    Elf (0/3) Orc:2        Vaults (5/5) D:13 Zot: 1055   Crypt (0/3) Vaults:2
 Bailey (visited)         Volcano (visited)
  Slime: Lair:4-5

Altars:
Ashenzari
Cheibriados
Dithmenos
Elyvilon
Hepliaklqana
Kikubaaqudgha
Makhleb
Okawaru
Qazlal
Ru
Sif Muna
Trog
Uskayaw
Wu Jian
Xom
Zin
The Shining One

Shops:
D:8 ?[*   D:11 =   Orc:2 *[*(   Vaults:1 *   Vaults:4 (

Portals:
Desolation: Vaults:2


Innate Abilities, Weirdness & Mutations

You passively map a large area around you.
You are easily found by Zot.
You glow in the dark.
You regain HP and MP as you explore.


Message History

The stone arrow misses the phantasmal warrior.
You feel sick. The phantasmal warrior hits you!!
* * * LOW HITPOINT WARNING * * *
Your willpower is stripped away!
Blink to where?
Press: ? - help, Dir - move target, p - phantasmal warrior
As you read the scroll of blinking, it crumbles to dust.
You feel sick.
You feel better.
As you read the scroll of summoning, it crumbles to dust.
Wisps of shadow whirl around you... The phantasmal warrior gestures at you.
The phantasmal warrior blinks!
You swap places.
The phantasmal warrior gestures at you.
The phantasmal warrior blinks!
Your phantasmal warrior gestures at the phantasmal warrior.
Your phantasmal warrior blinks!
Your fire giant says, "It's nice to have friends."
You are confused.
You feel invigorated. The phantasmal warrior gestures at you.
The phantasmal warrior blinks!
Your sphinx closely misses the phantasmal warrior.
Your sphinx hits the phantasmal warrior but does no damage. x2
Your deep elf knight hits the phantasmal warrior with a +0 scimitar!
The phantasmal warrior completely misses you.
Your sphinx hits the phantasmal warrior. x2
Your sphinx hits the phantasmal warrior!
Your deep elf archer completely misses the phantasmal warrior.
Your deep elf knight hits the phantasmal warrior with a +0 scimitar.
The deep elf demonologist casts a spell.
Send 'em back where they came from!
Your sphinx dissolves into shadows!
Your deep elf archer dissolves into shadows! x2
Your deep elf knight dissolves into shadows!
The phantasmal warrior closely misses you.
The stone giant throws a large rock.
The large rock hits you!!!
You die...
Kikubaaqudgha rasps: "You have failed me!
Welcome... death!"

######************************###
......,,,,,,,,,,,,,,,,,,,,,,,,...
......,,,,,,,,,,,,,,,,,,,,,,,....
....).#######################Z...
......ZZZ.....We.W............C..
,,,,#.ZZZ.....eC@....C.e..†C..#..
,,,,#..#####################.e#,,
,,,,#..#,,,,,,,,,,,,,,,,,,,,..#,,
,,,,#Z.#,,,,,,,,,,,,,,,,,,,,C.#,,
,,,,#..#####################.§#,,
,,,,#......................#e.#,,
,,,,#......Z...........[.).#..#,,
,,,,#.Z#####################..#,,
,,,,#..#,,,,,,,,,,,,,,,,,,,,,,*,,


You could see a stone giant (simulacrum), a deep elf demonologist, a phantasmal
warrior (ally target), a friendly fire giant (summoned), a friendly deep elf
high priest (summoned), a friendly phantasmal warrior (summoned) and a friendly
deep elf zephyrmancer (summoned).

Vanquished Creatures
  Nikola (Spider:1)
  2 titans (Vaults:5)
  2 sphinxes (Shoals:4)
  2 shadow dragons (Vaults:5)
  A fire giant (Vaults:5)
  A revenant (Vaults:2)
  2 frost giants (Vaults:5)
  2 emperor scorpions
  4 vault wardens
  An orc warlord (Orc:2)
  2 ironbound preservers (Vaults:2)
  A war gargoyle (Vaults:5)
  3 very ugly things (Vaults:5)
  2 broodmothers (Spider:4)
  An ironbound thunderhulk (Vaults:1)
  3 stone giants (Vaults:5)
  2 spark wasps
  An eidolon (Vaults:2)
  An entropy weaver (Spider:3)
  A merfolk impaler (Shoals:3)
  A crystal guardian (Vaults:4)
  A merfolk javelineer (Shoals:4)
  3 ettins (Vaults:5)
  Josephine (D:11)
  2 yaktaur captains
  A great orb of eyes (Vaults:3)
  14 vault guards
  2 peacekeepers (Vaults:4)
  A merfolk avatar (Shoals:3)
  A catoblepas (Shoals:4)
  A jorogumo (Spider:2)
  A centaur warrior (D:13)
  2 boulder beetles (Spider:4)
  2 ironbound frosthearts
  3 merfolk aquamancers (Shoals:3)
  3 two-headed ogres
  2 radroaches
  A death yak (Shoals:4)
  A satyr (Shoals:4)
  Urug (Orc:1)
  A fire crab (Lair:3)
  A skyshark (Shoals:1)
  A pharaoh ant (Lair:2)
  Lodul (D:13)
  A sea snake (Shoals:3)
  A glowing orange brain (Vaults:1)
  5 lindwurms
  2 necromancers
  5 ironbound convokers
  4 orb spiders
  A phantasmal warrior (Vaults:2)
  A harpy (Shoals:4)
  3 wizards
  3 orc knights
  A steelbarb worm (Spider:1)
  3 wolf spiders
  3 orc sorcerers
  3 ugly things
  5 fauns
  A manticore (Shoals:4)
  5 elephants
  2 demonic crawlers (Spider:2)
  3 vault sentinels
  2 merfolk sirens
  2 human skeletons (Vaults:2)
  2 water nymphs
  3 molten gargoyles (D:12)
  A torpor snail (Spider:4)
  3 cane toads
  4 black mambas
  A gargoyle (D:11)
  A kobold demonologist (D:9)
  7 yaktaurs
  2 komodo dragons
  A merfolk (Lair:3)
  2 human zombies
  2 wind drakes
  10 trolls
  A polar bear (shapeshifter) (D:13)
  5 tarantellas
  A meliai (Spider:4)
  A tengu simulacrum (Vaults:1)
  A polar bear (Lair:3)
  A blink frog (Lair:2)
  Grinder (D:5)
  2 snapping turtles
  A slime creature (D:13)
  5 jumping spiders
  An ettin skeleton (Vaults:2)
  7 culicivoras
  6 water elementals
  A hog (Shoals:2)
  2 shadows
  4 wyverns
  31 yaks
  5 wraiths
  7 humans (D:13)
  3 steam dragons
  15 redbacks
  2 vampire mosquitoes (D:13)
  A warg (Orc:2)
  3 acid dragons
  6 water moccasins
  21 orc warriors
  An ice beast (D:6)
  A sky beast (D:8)
  A black bear (Lair:3)
  3 boggarts (Vaults:1)
  5 wolves
  8 ogres
  A centaur (D:9)
  2 phantoms (D:5)
  A kobold brigand (D:7)
  10 bullfrogs
  A gnoll sergeant (D:6)
  5 scorpions
  3 wights (D:8)
  7 killer bees
  5 howler monkeys
  2 electric eels (D:8)
  A jelly (D:5)
  14 orc priests
  2 hounds
  A gnoll bouda (D:8)
  2 sleepcaps
  3 iguanas
  17 orc wizards
  23 gnolls
  8 adders
  A white imp (D:8)
  2 ufetubi
  A worm (D:5)
  A dart slug (D:1)
  54 orcs
  A ball python (D:1)
  5 bats
  4 endoplasms
  2 giant cockroaches
  10 goblins
  6 hobgoblins
  2 jackals (D:5)
  A quokka (D:1)
  A frilled lizard (D:3)
  10 kobolds
  6 rats
546 creatures vanquished.

Vanquished Creatures (collateral kills)
  Saint Roka (Orc:2)
  2 golden dragons (Vaults:5)
  A tentacled monstrosity (Vaults:5)
  2 liches (Vaults:5)
  2 titans (Vaults:5)
  Polyphemus (Shoals:4)
  2 sphinxes
  2 tengu reavers (Vaults:5)
  Roxanne (Spider:1)
  A storm dragon (Vaults:5)
  Kirke (Shoals:2)
  3 fire giants (Vaults:5)
  Ilsuiw (Shoals:2)
  9 vault wardens
  2 emperor scorpions
  4 ghost moths
  An orc warlord (Vaults:3)
  2 angels (Vaults:2)
  2 war gargoyles
  5 ironbound preservers
  3 stone giants
  5 very ugly things
  A minotaur (Shoals:4)
  A fire dragon (Volcano)
  2 ettins (Vaults:5)
  A deep elf high priest (Vaults:5)
  2 merfolk javelineers
  A great orb of eyes (Vaults:2)
  4 yaktaur captains
  A hydra (Lair:5)
  3 merfolk impalers (Shoals:4)
  3 entropy weavers
  Fannar (D:12)
  18 vault guards
  A merfolk avatar (Shoals:4)
  A centaur warrior (Vaults:2)
  2 ironbound frosthearts
  4 boulder beetles
  A merfolk aquamancer (Shoals:3)
  7 satyrs
  3 radroaches
  An alligator snapping turtle (Shoals:4)
  3 death yaks (Shoals:4)
  A vampire mage (Vaults:2)
  6 pharaoh ants
  6 sea snakes
  4 skysharks
  10 deep trolls
  2 orb spiders
  2 ironbound convokers
  A wizard (Vaults:2)
  3 phantasmal warriors (Vaults:5)
  2 lindwurms
  A necromancer (D:13)
  2 orc sorcerers (Orc:2)
  9 steelbarb worms
  4 harpies (Shoals:4)
  A mana viper (shapeshifter) (Vaults:5)
  3 ugly things
  11 wolf spiders
  4 orc knights
  19 fauns
  5 elephants
  10 manticores
  A black mamba (Lair:3)
  10 merfolk sirens
  4 demonic crawlers
  6 vault sentinels
  A molten gargoyle (D:12)
  2 water nymphs (Shoals:3)
  6 cane toads
  A smoke demon (Volcano)
  3 torpor snails
  An unseen horror (D:12)
  2 rime drakes (Orc:1)
  4 komodo dragons
  A freezing wraith (Vaults:5)
  16 yaktaurs
  A human zombie (Vaults:5)
  18 merfolk
  A polar bear (Lair:5)
  3 wind drakes
  7 blink frogs
  6 tarantellas
  4 snapping turtles (Shoals:2)
  15 jumping spiders
  8 water elementals
  2 ettin skeletons (Vaults:1)
  14 slime creatures
  A wraith (D:12)
  14 culicivoras
  13 humans (D:13)
  A vampire (D:11)
  3 basilisks
  A hog (Shoals:2)
  34 yaks
  28 redbacks
  A faun zombie (Shoals:2)
  3 wargs (Orc:2)
  A floating eye (shapeshifter) (Vaults:5)
  5 water moccasins
  12 orc warriors
  2 wolves
  A boggart (Vaults:1)
  8 ogres
  A kobold brigand (D:9)
  3 killer bees
  A howler monkey (D:13)
  2 orc priests (Orc:2)
  13 orc wizards
  2 gnolls (D:8)
  3 orc zombies (Orc:2)
  27 orcs
  A kobold zombie (D:13)
  A fungus (Lair:5)
  3 plants
542 creatures vanquished.

Vanquished Creatures (others)
  A tengu reaver (Vaults:5)
  2 vault wardens
  An orc warlord (Vaults:4)
  3 ironbound preservers
  An ironbound thunderhulk (Vaults:4)
  A stone giant (Vaults:5)
  A dire elephant (Vaults:3)
  An ettin (Vaults:3)
  A very ugly thing zombie (Vaults:1)
  A merfolk impaler (Shoals:4)
  A great orb of eyes (Vaults:3)
  A vault guard (Vaults:5)
  A hydra (D:13)
  3 jorogumos
  An ogre mage (Vaults:5)
  3 centaur warriors
  An ironbound frostheart (Vaults:5)
  2 boulder beetles
  A death yak (Lair:3)
  A sea snake (Shoals:3)
  2 skysharks
  2 ironbound convokers (Vaults:5)
  2 ugly thing zombies (Vaults:2)
  2 tengu zombies (Vaults:5)
  A jorogumo zombie (Spider:2)
  2 wolf spider zombies
  2 wolf spiders (Spider:3)
  2 stone giant zombies (Vaults:5)
  A fire giant zombie (Vaults:5)
  4 manticores
  A vault sentinel (Vaults:2)
  A catoblepas zombie (Shoals:4)
  A komodo dragon (Lair:3)
  A cane toad (Lair:5)
  5 redback zombies
  2 sea snake zombies
  A steelbarb worm zombie (Spider:2)
  An orb spider zombie (Spider:2)
  A troll (D:13)
  A wind drake (Shoals:3)
  A harpy zombie (Shoals:4)
  3 merfolk
  2 tarantella zombies (Spider:4)
  3 jumping spider zombies (Spider:2)
  2 culicivora zombies
  A tarantella (Spider:4)
  A snapping turtle (Shoals:3)
  An ettin zombie (Vaults:5)
  A black mamba zombie (Lair:4)
  A slime creature (Vaults:2)
  A jumping spider (Spider:2)
  4 culicivoras
  4 humans (Shoals:2)
  A wind drake zombie (Shoals:4)
  2 slime creature zombies (Vaults:2)
  A basilisk (Lair:5)
  A yak (Lair:3)
  7 merfolk zombies
  A skyshark zombie (Shoals:4)
  2 deep troll zombies (Vaults:2)
  7 faun zombies
  2 water moccasins
  2 orc warriors
  A lindwurm zombie (Volcano)
  2 manticore zombies (Shoals:4)
  4 elephant zombies (Lair:3)
  A snapping turtle zombie (Shoals:2)
  2 blink frog zombies (Lair:5)
  2 ogres
  2 centaurs (D:8)
  A torpor snail zombie (Spider:4)
  2 komodo dragon zombies
  7 yaktaur zombies
  A bullfrog (Lair:5)
  2 wyvern zombies
  2 water moccasin zombies
  9 yak zombies
  A warg zombie (Orc:2)
  2 wolf zombies (Lair:2)
  4 centaur zombies
  A hound (D:11)
  2 orc priests
  37 human zombies
  2 orc wizards (Orc:2)
  3 ogre zombies
  A hound zombie (D:11)
  54 orc zombies
  2 worm zombies
  An adder zombie (D:10)
  2 worms
  2 orcs (Orc:2)
  A ball python (D:8)
  A goblin (D:10)
  A kobold (D:13)
  A ball python zombie (D:8)
  30 fungi
  117 plants
417 creatures vanquished.

Grand Total: 1505 creatures vanquished

Notes
Turn   | Place    | Note
-------+----------+-------------------------------------------
     0 | D:1      | FexLirch the Meteoran Earth Elementalist began the quest
                  | for the Orb.
     0 | D:1      | Reached XP level 1. HP: 14/14 MP: 5/5
   134 | D:1      | Reached XP level 2. HP: 20/20 MP: 3/6
   136 | D:1      | Reached skill level 1 in Conjurations
   219 | D:2      | Learned a level 2 spell: Passwall
   223 | D:2      | Reached XP level 3. HP: 26/26 MP: 5/8
   270 | D:2      | Reached XP level 4. HP: 33/33 MP: 6/10
   672 | D:4      | Noticed a wight
   673 | D:4      | Noticed a scorpion
   674 | D:4      | Reached XP level 5. HP: 34/38 MP: 3/12
   733 | D:4      | Reached skill level 5 in Earth Magic
   733 | D:4      | Reached XP level 6. HP: 45/45 MP: 2/13
   776 | D:5      | Entered Level 5 of the Dungeon
   777 | D:5      | Found an ornate altar of the Wu Jian Council.
   816 | D:5      | Learned a level 3 spell: Stone Arrow
   835 | D:5      | Reached skill level 5 in Spellcasting
   893 | D:7      | Reached XP level 7. HP: 50/50 MP: 8/15
   914 | D:6      | Found a glowing golden altar of the Shining One.
   925 | D:6      | Found an ancient bone altar of Kikubaaqudgha.
   930 | D:6      | Became a worshipper of Kikubaaqudgha
  1046 | D:5      | Reached skill level 1 in Necromancy
  1066 | D:5      | Reached skill level 5 in Conjurations
  1066 | D:5      | Reached XP level 8. HP: 46/57 MP: 11/17
  1100 | D:5      | Reached skill level 2 in Necromancy
  1123 | D:5      | Noticed Grinder
  1129 | D:5      | Killed Grinder
  1212 | D:5      | Reached skill level 3 in Necromancy
  1261 | D:5      | You fall into a shaft and drop 1 floor!
  1413 | D:6      | Gained mutation: You passively map the area around you.
                  | [Meteoran growth]
  1413 | D:6      | Reached XP level 9. HP: 46/62 MP: 2/20
  1499 | D:7      | Reached skill level 4 in Necromancy
  1541 | D:8      | Noticed a two-headed ogre
  1599 | D:8      | Found a flagged portal.
  1600 | D:8      | Reached * piety under Kikubaaqudgha
  1600 | D:8      | Received a gift from Kikubaaqudgha
  1611 | Bailey   | Entered a bailey
  1625 | Bailey   | Learned a level 4 spell: Animate Dead
  1629 | Bailey   | Learned a level 3 spell: Vampiric Draining
  1632 | Bailey   | Learned a level 2 spell: Sublimation of Blood
  1737 | Bailey   | Noticed an orc knight
  1745 | Bailey   | Killed an orc knight
  1746 | Bailey   | Reached skill level 5 in Necromancy
  1910 | D:8      | Found a burning altar of Makhleb.
  1914 | D:8      | Reached skill level 6 in Necromancy
  2057 | D:7      | Reached XP level 10. HP: 25/69 MP: 6/24
  2185 | D:7      | Found a staircase to the Ecumenical Temple.
  2254 | Temple   | Entered the Ecumenical Temple
  2339 | D:8      | Reached skill level 7 in Necromancy
  2340 | D:8      | Killed a two-headed ogre
  2341 | D:8      | Reached skill level 10 in Spellcasting
  2373 | D:8      | Reached skill level 8 in Necromancy
  2390 | D:8      | Reached skill level 1 in Fighting
  2432 | D:8      | Found a stormy altar of Qazlal.
  2473 | D:9      | Found a broken altar of Ashenzari.
  2495 | D:9      | Reached ** piety under Kikubaaqudgha
  2573 | D:9      | Reached XP level 11. HP: 81/82 MP: 20/26
  2612 | D:8      | Found Zischeni's Magic Scroll Emporium.
  2614 | D:8      | Found Bolotalu's Armour Shoppe.
  2616 | D:8      | Found Teuf's General Store.
  2653 | D:8      | Bought a scroll of blinking for 105 gold pieces
  2653 | D:8      | Bought a scroll of fear for 56 gold pieces
  2653 | D:8      | Bought a scroll of fog for 56 gold pieces
  2657 | D:8      | Bought a potion of degeneration for 14 gold pieces
  2750 | D:10     | Entered Level 10 of the Dungeon
  2755 | D:10     | Identified the +4 pair of boots of Vytok {rCorr}
  2784 | D:9      | Reached skill level 5 in Dodging
  2785 | D:9      | Reached skill level 9 in Necromancy
  2948 | D:9      | Reached skill level 5 in Fighting
  3000 | D:9      | Found a shimmering blue altar of Sif Muna.
  3100 | D:10     | Found a staircase to the Lair.
  3185 | D:10     | Noticed a two-headed ogre
  3190 | D:10     | Killed a two-headed ogre
  3335 | D:11     | Found a snail-covered altar of Cheibriados.
  3358 | D:11     | Reached skill level 10 in Necromancy
  3406 | D:11     | Reached XP level 12. HP: 93/96 MP: 22/29
  3408 | D:11     | Found a staircase to the Orcish Mines.
  3475 | D:11     | Found Ocaet's Jewellery Boutique.
  3540 | D:11     | Noticed Josephine
  3550 | D:11     | Killed Josephine
  3845 | D:12     | Reached *** piety under Kikubaaqudgha
  3845 | D:12     | Received a gift from Kikubaaqudgha
  3851 | D:12     | Reached skill level 11 in Necromancy
  3864 | D:12     | Learned a level 6 spell: Death Channel
  3871 | D:12     | Learned a level 6 spell: Simulacrum
  3876 | D:12     | Learned a level 4 spell: Dispel Undead
  3882 | D:12     | Learned a level 5 spell: Borgnjor's Vile Clutch
  4029 | D:12     | Reached skill level 1 in Ice Magic
  4067 | D:12     | Noticed Fannar
  4074 | D:12     | Killed Fannar
  4075 | D:12     | Reached XP level 13. HP: 107/107 MP: 13/31
  4188 | Lair:1   | Entered Level 1 of the Lair of Beasts
  4556 | Lair:2   | Found a dark tunnel.
  4560 | Volcano  | Entered a volcano
  4662 | Volcano  | Reached **** piety under Kikubaaqudgha
  4670 | Volcano  | Noticed a fire dragon
  4680 | Volcano  | Killed a fire dragon
  4832 | Lair:2   | Reached skill level 10 in Dodging
  4893 | Lair:2   | Reached skill level 1 in Short Blades
  4897 | Lair:2   | Reached skill level 12 in Necromancy
  4944 | Lair:2   | Found a hole to the Spider Nest.
  5073 | Lair:3   | Reached skill level 5 in Ice Magic
  5076 | Lair:3   | Reached XP level 14. HP: 118/118 MP: 15/33
  5183 | Lair:3   | Found a staircase to the Shoals.
  5492 | Lair:5   | Entered Level 5 of the Lair of Beasts
  5547 | Lair:5   | Reached skill level 10 in Fighting
  5636 | Lair:5   | Reached skill level 5 in Short Blades
  5664 | Lair:5   | Reached ***** piety under Kikubaaqudgha
  5814 | Shoals:1 | Entered Level 1 of the Shoals
  5826 | Shoals:1 | Reached skill level 15 in Spellcasting
  5826 | Shoals:1 | Reached skill level 13 in Necromancy
  5826 | Shoals:1 | Reached XP level 15. HP: 68/128 MP: 3/35
  6067 | Shoals:1 | Learned a level 3 spell: Swiftness
  6086 | Shoals:2 | Noticed Ilsuiw
  6089 | Shoals:2 | Killed Ilsuiw
  6200 | Shoals:2 | Noticed Kirke
  6209 | Shoals:2 | Killed Kirke
  6210 | Shoals:2 | Reached skill level 14 in Necromancy
  6308 | Shoals:2 | Reached XP level 16. HP: 83/137 MP: 31/36
  6509 | Shoals:4 | Entered Level 4 of the Shoals
  6541 | Shoals:4 | Noticed Polyphemus
  6552 | Shoals:4 | Killed Polyphemus
  6588 | Shoals:4 | Noticed a sphinx
  6594 | Shoals:4 | Killed a sphinx
  6618 | Shoals:4 | Reached skill level 15 in Necromancy
  6645 | Shoals:4 | Noticed a sphinx
  6651 | Shoals:4 | Killed a sphinx
  6656 | Shoals:4 | Got a barnacled rune of Zot
  6669 | Shoals:4 | Noticed a sphinx
  6671 | Shoals:4 | Paralysed by a sphinx for 3 turns
  6675 | Shoals:4 | Killed a sphinx
  6676 | Shoals:4 | Reached XP level 17. HP: 93/146 MP: 25/38
  6885 | Shoals:1 | Identified the +0 pair of boots of Fadoges {Dex+2}
  6975 | Spider:1 | Entered Level 1 of the Spider Nest
  6982 | Spider:1 | Learned a level 4 spell: Leda's Liquefaction
  7106 | Spider:1 | Noticed Roxanne
  7126 | Spider:1 | Killed Roxanne
  7137 | Spider:1 | Learned a level 6 spell: Statue Form
  7177 | Spider:1 | Reached ****** piety under Kikubaaqudgha
  7181 | Spider:1 | Reached skill level 10 in Ice Magic
  7190 | Spider:1 | Noticed Nikola
  7194 | Spider:1 | Killed Nikola
  7224 | Spider:1 | Reached skill level 16 in Necromancy
  7630 | Spider:4 | Entered Level 4 of the Spider Nest
  7657 | Spider:4 | Gained mutation: You passively map a large area around you.
                  | [Meteoran growth]
  7657 | Spider:4 | Reached XP level 18. HP: 146/156 MP: 35/39
  8027 | Spider:4 | Reached skill level 5 in Transmutations
  8061 | Spider:4 | Reached skill level 17 in Necromancy
  8118 | Spider:4 | Found the +3 pair of seven-league boots {Rampage+∞}
  8136 | Spider:4 | Got a gossamer rune of Zot
  8284 | Spider:2 | Reached skill level 1 in Evocations
  8606 | Orc:1    | Entered Level 1 of the Orcish Mines
  8660 | Orc:1    | Found a frozen archway.
  8784 | Orc:2    | Entered Level 2 of the Orcish Mines
  8791 | Orc:2    | Found a staircase to the Elven Halls.
  8795 | Orc:1    | Noticed Urug
  8796 | Orc:1    | Paralysed by an orc sorcerer for 2 turns
  8802 | Orc:1    | Killed Urug
  8815 | Orc:1    | Reached skill level 15 in Dodging
  8984 | Orc:2    | Found Hainnell's Antique Armour Emporium.
  8985 | Orc:2    | Found Bifrut's Antique Weapon Shoppe.
  8998 | Orc:2    | Bought a scorched falchion for 216 gold pieces
  8998 | Orc:2    | Identified the +1 falchion "Jaoveuga" {drain, Str+4} (You
                  | bought it in a shop on level 2 of the Orcish Mines)
  9004 | Orc:2    | Bought a dazzling ring mail for 270 gold pieces
  9004 | Orc:2    | Identified the +2 ring mail of the Ant {Harm rF+ rC+} (You
                  | bought it in a shop on level 2 of the Orcish Mines)
  9098 | Orc:2    | Reached XP level 19. HP: 148/163 MP: 31/41
  9195 | Orc:2    | Noticed Saint Roka
  9206 | Orc:2    | Killed Saint Roka
  9263 | Orc:2    | Found Keum Boi's Assorted Antiques.
  9272 | Orc:2    | Bought a scroll of teleportation for 102 gold pieces
  9358 | Orc:2    | Found Caygicuf's General Store.
  9374 | Orc:2    | Bought a potion of flight for 36 gold pieces
  9524 | D:13     | Noticed Lodul
  9536 | D:13     | Killed Lodul
  9544 | D:13     | Identified the +4 flail "Giantslayer" {spect, rPois rN+
                  | Str+6}
  9605 | D:13     | Found a gate to the Vaults.
  9706 | D:13     | Reached skill level 18 in Necromancy
  9877 | Vaults:1 | Entered Level 1 of the Vaults
 10061 | Vaults:1 | Found Raeth's General Store.
 10066 | Vaults:1 | Bought a staff of death for 300 gold pieces
 10083 | Vaults:1 | Bought a book of Hexes for 432 gold pieces
 10123 | Vaults:1 | Reached skill level 1 in Hexes
 10311 | Vaults:1 | Glimpsed the power of Zot.
 10340 | Vaults:2 | Found a staircase to the Crypt.
 10415 | Vaults:2 | Reached skill level 5 in Evocations
 10524 | Vaults:2 | Reached XP level 20. HP: 151/176 MP: 28/43
 10540 | Vaults:2 | Reached skill level 5 in Hexes
 10556 | Vaults:2 | Found a crumbling gateway.
 10569 | Vaults:2 | Found a glowing golden altar of the Shining One.
 10569 | Vaults:2 | Found a white marble altar of Elyvilon.
 10570 | Vaults:2 | Found a glowing silver altar of Zin.
 10594 | Vaults:2 | You fall into a shaft and drop 2 floors!
 10939 | Vaults:4 | Found Xinaav's Antique Weapon Boutique.
 10991 | Vaults:4 | Reached skill level 19 in Necromancy
 11150 | Vaults:5 | Entered Level 5 of the Vaults
 11193 | Vaults:5 | Reached XP level 21. HP: 76/172 MP: 36/44
 11211 | Vaults:5 | Reached skill level 15 in Fighting
 11272 | Vaults:5 | Identified the amulet of Fatigue {rF+ Regen+ Int+3}
 11284 | Vaults:5 | Noticed a golden dragon
 11293 | Vaults:5 | Noticed a tentacled monstrosity
 11295 | Vaults:5 | Killed a golden dragon
 11297 | Vaults:5 | Killed a tentacled monstrosity
 11299 | Vaults:5 | Reached skill level 10 in Hexes
 11307 | Vaults:5 | Reached skill level 20 in Necromancy
 11367 | Vaults:5 | Identified the +3 sling of Generosity {freeze, Str+5 Int+3}
 11384 | Vaults:5 | Identified the +4 scimitar of Byseoxt {freeze, rElec rN+++
                  | rCorr Stlth-}
 11564 | Vaults:5 | Noticed a golden dragon
 11572 | Vaults:5 | Killed a golden dragon
 11594 | Vaults:5 | Hit by a large rock thrown by a stone giant

Illustrated notes

Levels and vault maps discovered:
D:1:      giann_wishing_wells, layout_basic
D:2:      layout_loops_ring, minmay_puff
D:3:      layout_basic, lemuel_crystal_altar, st_stairs_8
D:4:      layout_loops_ring, nemelex_spade_bored_becter,
          mainiacjoe_overflow_concentric_impassable,
          mainiacjoe_overflow_boulevard, serial_shops, shop, serial_aquarium,
          aquarium_bridge_square [aquarium_subvault_bridge,
          aquarium_subvault_bridge, aquarium_subvault_wall,
          aquarium_subvault_wall], aquarium_window_fake, aquarium_window_2,
          aquarium_view_2b, aquarium_balcony_3a, aquarium_pool_four, uniq_robin,
          uniq_duvessa
D:5:      layout_loops_ring, nicolae_wu_jian_glorious_leap, uniq_grinder
D:6:      layout_loops_corners, vehumet_altar_wand_db, kennysheep_mini,
          nicolae_kikubaaqudgha_miasma_corner, serial_bayou,
          serial_bayou_crossing, serial_bayou_lagoon_b, serial_bayou_lake_a,
          serial_bayou_shore_a, serial_bayou_pond_e, serial_bayou_pond_a
D:7:      layout_loops_ring, minmay_temple_entry_crystal_x
D:8:      layout_cave_pods, makhleb_blood_cavern_becter,
          mainiacjoe_overflow_alcove_1, enter_bailey_5, minivault_14,
          nicolae_wooded_promenade, grunt_decor_one_mirror
D:9:      layout_grid_maze, evilmike_ruin_ashenzari,
          nicolae_sif_muna_condensation
D:10:     layout_rooms, david_lair_shrubbed, serial_bayou_pond_e
D:11:     layout_rooms, minmay_orc_entry_temple_small, serial_shops,
          nicolae_diamond_shop, cheibriados_altar_1, uniq_josephine, uniq_sonja
D:12:     layout_long_grid, minivault_8, uniq_fannar
D:13:     layout_rooms, grunt_vaults_entry_tiered, uniq_maurice, uniq_lodul
Temple:   hellmonk_temple_micro_hex
Lair:1:   layout_cave_pods
Lair:2:   layout_roguey, nicolae_spider_entry_lesser_pyramids, enter_volcano_2,
          lemuel_fruit_fields
Lair:3:   layout_small_grid, elwin_shoals_entry_stream, minmay_holes,
          grunt_megastairs_5
Lair:4:   layout_regular_city, slime_entry_1, disabler_island, lemuel_fruit_tree
Lair:5:   hellmonk_lair_end_abyssal_woods, layout_gridlike, st_stairs_8,
          dreamdust_wasp_nest, grunt_megastairs_1
Shoals:1: layout_shoals
Shoals:2: layout_shoals, nicolae_shoals_elemental_ambush, uniq_kirke,
          uniq_ilsuiw
Shoals:3: layout_shoals, nicolae_shoals_aquamancer_cove
Shoals:4: shoals_end_hellmonk_lost_city, uniq_polyphemus
Spider:1: layout_chambers, uniq_roxanne, uniq_nikola
Spider:2: layout_spider_delve
Spider:3: layout_cave_pods
Spider:4: hellmonk_spider_rune_bug_friends, nicolae_spider_wall_of_niches
Orc:1:    layout_caves, portal_ice_cave_rime, minmay_orc_temple_a, uniq_urug
Orc:2:    grunt_orc_community_town_hall, layout_diamond_mine,
          grunt_orc_community_big_house_1, grunt_orc_community_big_house_2,
          grunt_orc_community_house_2, grunt_orc_community_house_2,
          grunt_orc_community_house_2, grunt_orc_community_house_2,
          guppyfry_library_mini, uniq_saint_roka
Vaults:1: hangedman_vaults_locks, v_misc_16, hangedman_vaults_impose,
          grunt_vaults_twisty, vaults_dpeg_emergency_exit, v_misc_9,
          vaults_room_boxed, layout_vaults_omnicross,
          nicolae_trove_entry_diagonal, serial_shops,
          nicolae_shop_hallway_stairs
Vaults:2: portal_desolation_entry_holy_temple, hangedman_vaults_cutoff,
          hangedman_vaults_maws, v_misc_28, nicolae_vaults_murderbox,
          minmay_crypt_entry_simple_round, v_pattern_3,
          ontoclasm_vaults_misaligned, nicolae_vaults_network_square,
          ontoclasm_vaults_ring_small, ontoclasm_vaults_misaligned,
          layout_vaults_maze_snakey
Vaults:3: grunt_vaults_bifocal, vaults_room_semicircle,
          ontoclasm_vaults_decontamination, hangedman_vaults_nodes,
          vaults_mumra_minichess_inversion, vaults_dpeg_encased_lava,
          vaults_room_pools, nicolae_vaults_little_squares_5,
          layout_vaults_quadrants
Vaults:4: nicolae_vaults_halls_meeting, hangedman_vaults_pinch, v_misc_14,
          hangedman_vaults_stretched_pinwheel, ontoclasm_vaults_spin,
          ontoclasm_vaults_chip, grunt_vaults_focal,
          nicolae_vaults_sealed_display, v_misc_13, vaults_mumra_hex,
          vaults_standard_mumra_x, vaults_room_grid, nicolae_vaults_rhombus_6,
          ontoclasm_vaults_shuriken, layout_vaults_omnibox, serial_shops, shop,
          nicolae_shop_behind_doors, shop, shop,
          nicolae_shop_bloodbath_and_beyond, uniq_margery, uniq_bai_suzhen
Vaults:5

Skill      XL: |  1  2  3  4  5  6  7  8  9 10 11 12 13 14 15 16 17 18 19 20 21 |
---------------+----------------------------------------------------------------+-----
Spellcasting   | 3 4 5 7 9 10 12 13 14 15 16 17 18 19 | 19.2
Conjurations   | 1 2 3 4 5 6 |  6.0
Earth Magic    | 4 5 6 7 8 |  8.0
Necromancy     | 1 3 6 8 10 11 12 13 14 15 16 17 18 19 20 | 20.2
Fighting       | 3 6 7 9 10 11 12 13 14 15 | 15.5
Dodging        | 4 7 9 10 11 12 13 14 15 16 17 | 17.0
Ice Magic      | 1 5 7 8 9 10 | 10.0
Short Blades   | 2 5 7 8 |  8.0
Transmutations | 4 6 7 |  7.4
Evocations     | 2 5 7 8 |  8.9
Hexes          | 4 8 10 | 10.9
Stealth        | |  1.4

Action                     |  1- 3 |  4- 6 |  7- 9 | 10-12 | 13-15 | 16-18 | 19-21 || total
---------------------------+-------+-------+-------+-------+-------+-------+-------++-------
  Melee: Dagger            |     3 |       |       |       |       |       |       ||     3
         Long sword        |       |     2 |     2 |       |       |       |       ||     4
         Halberd           |       |       |     1 |    37 |    34 |    47 |    40 ||   159
         Staff             |       |       |       |       |     7 |    22 |     6 ||    35
   Cast: Sandblast         |    24 |    52 |    65 |   110 |    40 |     1 |     2 ||   294
         Passwall          |       |     4 |       |     5 |    12 |     4 |     1 ||    26
         Stone Arrow       |       |     1 |    45 |   106 |   105 |    50 |    67 ||   374
         Vampiric Draining |       |       |       |     3 |     1 |    18 |    19 ||    41
         Animate Dead      |       |       |       |     9 |     9 |    16 |    11 ||    45
         Borgnjor's Vile C |       |       |       |     3 |    38 |   136 |   116 ||   293
         Simulacrum        |       |       |       |     1 |    59 |   114 |    98 ||   272
         Death Channel     |       |       |       |     1 |    17 |    23 |    18 ||    59
         Sublimation of Bl |       |       |       |       |     2 |     8 |     5 ||    15
         Statue Form       |       |       |       |       |       |     7 |     5 ||    12
         Leda's Liquefacti |       |       |       |       |       |     3 |     3 ||     6
 Invoke: Unearth Wretches  |       |       |       |     5 |     5 |    10 |    12 ||    32
         Torment           |       |       |       |       |       |     1 |     5 ||     6
Ability: End Transformatio |       |       |       |       |       |       |     2 ||     2
  Evoke: Wand              |       |       |       |       |     2 |       |       ||     2
    Use: Scroll            |       |       |       |    11 |     6 |     6 |     6 ||    29
         Potion            |       |       |       |       |     4 |     4 |    14 ||    22
   Stab: Paralysed         |       |       |       |     1 |       |     1 |     1 ||     3
         Distracted        |       |       |       |     1 |       |     5 |     2 ||     8
 Armour: Robe              |     5 |    12 |    13 |    64 |    70 |   118 |    58 ||   340
         Ring mail         |       |       |    14 |     3 |       |       |       ||    17
         Skin              |       |       |       |       |       |   100 |    76 ||   176
  Dodge: Dodged            |     7 |    30 |    43 |   133 |   183 |   379 |   205 ||   980

Table legend: (Time is in decaauts)
 A = Elapsed time spent in this place.
 B = Non-inter-level travel time spent in this place.
 C = Inter-level travel time spent in this place.
 D = Time resting spent in this place.
 E = Time spent auto-exploring this place.
 F = Levels seen in this place.
 G = Mean time per level.
                   A        B        C        D        E       F      G
               +--------+--------+--------+--------+--------+-----+--------+
         Total |  12856 |  11486 |   1370 |      0 |    409 |  36 |  357.1 |
       Dungeon |   4887 |   4317 |    570 |      0 |    409 |  13 |  375.9 |
        Temple |      1 |      1 |      0 |      0 |      0 |   1 |    1.0 |
          Lair |   1637 |   1372 |    265 |      0 |      0 |   5 |  327.4 |
        Shoals |   1317 |   1192 |    125 |      0 |      0 |   4 |  329.2 |
   Spider Nest |   1722 |   1487 |    235 |      0 |      0 |   4 |  430.5 |
  Orcish Mines |    901 |    824 |     77 |      0 |      0 |   2 |  450.5 |
        Vaults |   1943 |   1847 |     96 |      0 |      0 |   5 |  388.6 |
        Bailey |    217 |    217 |      0 |      0 |      0 |   1 |  217.0 |
       Volcano |    226 |    226 |      0 |      0 |      0 |   1 |  226.0 |
               +--------+--------+--------+--------+--------+-----+--------+

Top non-repeatable levels by time:
    D:12: 627 daAuts
   Orc:2: 599 daAuts
Spider:4: 562 daAuts
Spider:1: 540 daAuts
     D:8: 511 daAuts
Vaults:1: 509 daAuts
Vaults:5: 502 daAuts
    D:11: 486 daAuts
     D:9: 461 daAuts
  Lair:3: 437 daAuts
  Lair:2: 434 daAuts
    D:10: 432 daAuts
     D:6: 419 daAuts
    D:13: 413 daAuts
Shoals:2: 410 daAuts
